AoeStats
← josiahkane

Arena

508947106Analyzed
1v1 RM · 9d ago on Sep 24, 2026· 30m 10s· 2 players
Game mode
Random Map
Map size
Tiny (2 player)
Population
200
Speed
Normal
Resources
Standard
Victory
Conquest
Starting age
Dark Age
Ending age
Imperial Age
RankedLock teamsTeams togetherTeam positionsShared explorationLock speedFull tech treeHidden civsTurbo modeCheats
Victory
Defeat
🇹🇷 Goths · Türkiye
878
+17
🇬🇧 Spanish · United Kingdom
899
-17
thelan
7:33 Loom
9:31 Feudal Age
15:33 Castle Age
13:52 Horse Collar
14:49 Double-Bit Axe
14:57 Gold Mining
15:08 Stone Mining
16:51 Fervor
23:25 Wheelbarrow
22:35 Town Watch
26:53 Imperial Age
26:00 Heavy Plow
27:59 Conscription
josiahkane
9:40 Feudal Age
10:46 Double-Bit Axe
15:43 Castle Age
16:26 Loom
26:16 Imperial Age
24:44 Padded Archer Armor
25:02 Fletching
28:28 Imperial Age
28:21 Wheelbarrow
Connection lost

Rejoining the realm…

Still unreachable

The connection could not be restored.

Session expired

The server has moved on; the page needs a fresh start.